 Dungeon Crawl Stone Soup version 0.28-a0-533-g9f97627e2a (webtiles) character file.

Game seed: 12009995016897220940

3312 AlbertoSP the Spear-Bearer (level 9, 0/82 HPs)
             Began as a Minotaur Berserker on Sept 25, 2021.
             Was a Believer of Trog (penitent).
             Slain by a polar bear (15 damage)
             ... created by the rage of Trog
             ... on level 7 of the Dungeon on Sept 26, 2021.
             The game lasted 01:08:27 (6320 turns).

AlbertoSP the Spear-Bearer (Minotaur Berserker)     Turns: 6320, Time: 01:08:27

Health: 0/82       AC: 16    Str: 26    XL:     9   Next: 70%
Magic:  8/8        EV:  8    Int: 10    God:    Trog [*]
Gold:   317        SH:  2    Dex:  9    Spells: 1/8 levels left

rFire   . . .      SeeInvis .   t - +1 trident
rCold   . . .      Faith    .   v - +0 buckler
rNeg    . . .      Spirit   .   q - +0 plate armour
rPois   .          Reflect  .   (helmet restricted)
rElec   .          Harm     .   Q - +0 cloak
rCorr   .          Rampage  .   E - +0 pair of gloves
Will    .....                   (no boots)
Stlth   ..........              G - amulet of regeneration
HPRegen 1.23/turn               i - +6 ring of intelligence
MPRegen 0.11/turn               m - +4 ring of slaying

@: no status effects
A: horns 2, retaliatory headbutt
a: Renounce Religion


You were on level 7 of the Dungeon.
You worshipped Trog.
Trog was demanding penance.
You visited 1 branch of the dungeon, and saw 7 of its levels.
You also visited: Ossuary.

You collected 317 gold pieces.

Inventory:

Hand Weapons
 a - a +0 falchion
 e - a +0 whip
 f - a +0 club
 g - a +0 hunting sling
 p - a +0 shortbow
 t - a +1 trident (weapon)
 u - a +4 flail
 y - a +1 whip of flaming
 I - a +0 mace
 O - a +3 quarterstaff of chaos
 P - the +7 dagger of the Wizarding Wasp {vorpal, rC+}
   (You found it on level 5 of the Dungeon)

   It inflicts extra damage upon your enemies.
   rC:        It protects you from cold.
 S - a +1 mace of protection
 V - a +0 hunting sling
 X - a +0 flail
 Y - a +0 dire flail
Missiles
 d - 157 stones (quivered)
 h - 73 sling bullets
 j - 47 bolts
 l - 23 arrows
 J - 3 boomerangs
 M - 16 poisoned darts
Armour
 b - a +0 animal skin
 q - a +0 plate armour (worn)
 s - a +0 leather armour
 v - a +0 buckler (worn)
 E - a +0 pair of gloves (worn)
 H - the +2 robe "Qoji" {Str-3 Int+3}
   (You found it on level 5 of the Dungeon)

   Str:       It affects your strength (-3).
   Int:       It affects your intelligence (+3).
 N - a +0 scale mail
 Q - a +0 cloak (worn)
 Z - a +1 chain mail of fire resistance
Jewellery
 i - a +6 ring of intelligence (left hand)
 m - a +4 ring of slaying (right hand)
 n - an amulet of magic regeneration
 G - an amulet of regeneration (around neck)
Wands
 T - a wand of digging (4)
 U - a wand of mindburst (18)
Scrolls
 c - a scroll of fog
 k - 2 scrolls of magic mapping
 o - a scroll of fear
 w - 2 scrolls of teleportation
 C - a scroll of vulnerability
 F - 3 scrolls of noise
Potions
 r - a potion of magic {unknown}
 z - a potion of curing
 A - a potion of flight
 B - 2 potions of heal wounds
 D - 2 potions of haste
 L - 2 potions of brilliance {unknown}
 R - a potion of ambrosia {unknown}
 W - 4 potions of resistance


   Skills:
 + Level 8.5 Fighting
 + Level 5.2 Long Blades
 + Level 10.3 Polearms
 + Level 0.3 Slings
 + Level 8.2 Armour
 + Level 4.6 Dodging
 + Level 1.5 Stealth


You had one spell level left.
You knew the following spells:

 Your Spells              Type           Power      Damage    Failure   Level
a - Wereblood             Tmut           0%         N/A       100%        2
b - Sublimation of Blood  Necr           0%         N/A       100%        2
c - Corpse Rot            Necr/Air       N/A        N/A       100%        2
d - Summon Small Mammal   Summ           0%         N/A       100%        1

Your spell library contained the following spells:

 Spells                   Type           Power      Damage    Failure   Level
 Animate Skeleton         Necr           0%         N/A       100%        1
 Apportation              Tloc           0%         N/A       100%        1
 Ensorcelled Hibernation  Hex/Ice        0%         N/A       100%        2
 Poisonous Vapours        Pois/Air       0%         N/A       100%        2
 Tukima's Dance           Hex            0%         N/A       100%        3
 Summon Hydra             Summ           0%         N/A       100%        7


Dungeon Overview and Level Annotations

Branches:
Dungeon (7/15)             Temple (0/1) D:4         Ossuary (visited)

Altars:


Innate Abilities, Weirdness & Mutations

You have a pair of horns on your head.
You reflexively headbutt those who attack you in melee.


Message History

You block the polar bear's attack.
The polar bear claws you but does no damage. x2
The black bear rages.
The ogre barely misses you. You furiously retaliate!
You headbutt the ogre!
The polar bear bites you but does no damage.
The polar bear claws you.
The polar bear claws you but does no damage.
You hear an angry hiss.
The polar bear bites you!
The polar bear claws you but does no damage. x2
You block the polar bear's attack.
The polar bear claws you but does no damage. x2
As you read the scroll of fog, it crumbles to dust.
The scroll dissolves into smoke.
The polar bear bites you.
The polar bear barely misses you. x2; The polar bear bites you!!
* * * LOW HITPOINT WARNING * * *
You block the polar bear's attack.
The polar bear claws you but does no damage.
You hear an angry growl.
The polar bear bites you.
* * * LOW HITPOINT WARNING * * *
The polar bear barely misses you.
The polar bear claws you but does no damage.
The polar bear barely misses you. You furiously retaliate!
You headbutt the polar bear, but do no damage.
The polar bear claws you but does no damage. x2
You hear an angry growl.
You feel better.
The polar bear bites you but does no damage.
The polar bear claws you but does no damage. x2
The polar bear bites you.
* * * LOW HITPOINT WARNING * * *
The polar bear closely misses you.
The polar bear claws you but does no damage.
You hear an angry growl.
You feel much better. The polar bear bites you!!
* * * LOW HITPOINT WARNING * * *
The polar bear claws you but does no damage. x2
The polar bear bites you!
You die...

***##....#.........##
**..#..##............#
##.,.................##
##..*.............#...#.
*...##...#......##......
*#/.,..,.#..............
##..,,.#.§#.###...##..÷.
#...###§§§#####...##....
*#hh#zh@§§........#.....
*##[Oh###..............
#..h####..............
#..####...............
#<.###...#......#####.
#......###......####..
###........#........#...
###.......[().............
#...#.....................


You could see 2 polar bears, a black bear (berserk), an ogre (berserk) and a
wight.

Vanquished Creatures
  The ghost of sn0wgr3 the Skirmisher, a novice MiFi of Cheibriados (D:5)
  Pikel (D:4)
  A water moccasin (D:7)
  An orc warrior (D:6)
  2 black bears
  A necrophage (D:4)
  A sky beast (D:5)
  An ogre (D:5)
  A centaur (D:7)
  3 lemures (D:4)
  2 phantoms
  A wyvern zombie (D:5)
  5 scorpions
  A bullfrog (D:6)
  A water moccasin zombie (D:5)
  A water moccasin skeleton (D:4)
  2 wights (D:7)
  An electric eel (D:7)
  4 centaur zombies
  2 howler monkeys
  A jelly (D:5)
  Crazy Yiuf (D:7)
  A centaur skeleton (D:6)
  A hound (D:7)
  2 orc priests (D:6)
  A bullfrog skeleton (D:5)
  3 iguanas
  Terence (D:2)
  An orc wizard (D:6)
  6 mummies (Ossuary)
  A howler monkey zombie (D:7)
  6 gnolls
  A howler monkey skeleton (D:2)
  5 adders
  3 shadow imps
  A white imp (D:7)
  An ufetubus (D:4)
  An adder skeleton (D:4)
  2 worms
  A dart slug (D:1)
  11 orcs
  4 ball pythons
  5 endoplasms
  3 giant cockroaches
  3 goblins
  5 hobgoblins
  4 quokkas
  7 bats
  2 frilled lizards (D:1)
  5 hobgoblin zombies (Ossuary)
  3 kobolds
  3 rats
128 creatures vanquished.

Vanquished Creatures (collateral kills)
  A gnoll sergeant (D:7)
  2 gnolls (D:7)
3 creatures vanquished.

Grand Total: 131 creatures vanquished

Notes
Turn   | Place    | Note
-------+----------+-------------------------------------------
     0 | D:1      | AlbertoSP the Minotaur Berserker began the quest for the
                  | Orb.
     0 | D:1      | Reached XP level 1. HP: 19/19 MP: 0/0
   112 | D:1      | Reached XP level 2. HP: 25/27 MP: 1/1
   576 | D:2      | Reached XP level 3. HP: 30/33 MP: 2/2
   793 | D:2      | Noticed Terence
   808 | D:2      | Killed Terence
   808 | D:2      | Reached ** piety under Trog
  1043 | D:2      | Reached XP level 4. HP: 40/41 MP: 3/3
  1830 | D:4      | Reached skill level 1 in Polearms
  1830 | D:4      | Reached XP level 5. HP: 36/47 MP: 4/4
  1924 | D:4      | Noticed a phantom
  1934 | D:4      | Killed a phantom
  1935 | D:4      | Reached skill level 5 in Long Blades
  1935 | D:4      | Reached skill level 2 in Polearms
  2002 | D:4      | Reached XP level 6. HP: 40/55 MP: 5/5
  2206 | D:4      | Reached skill level 5 in Fighting
  2512 | D:4      | Noticed Pikel
  2528 | D:4      | Killed Pikel
  2529 | D:4      | Reached skill level 5 in Polearms
  2529 | D:4      | Reached skill level 5 in Armour
  2529 | D:4      | Reached XP level 7. HP: 44/61 MP: 6/6
  2658 | D:4      | Found a staircase to the Ecumenical Temple.
  3148 | D:5      | Entered Level 5 of the Dungeon
  3154 | D:5      | Found a runed translucent gate.
  3154 | D:5      | Found a runed translucent gate.
  3154 | D:5      | Found a runed translucent gate.
  3154 | D:5      | Noticed sn0wgr3's ghost (novice MiFi)
  3177 | D:5      | Identified the +2 robe "Qoji" {Str-3 Int+3}
  3255 | D:5      | Reached skill level 6 in Polearms
  3255 | D:5      | Reached XP level 8. HP: 70/70 MP: 7/7
  3312 | D:5      | Killed sn0wgr3's ghost
  3312 | D:5      | Reached *** piety under Trog
  3313 | D:5      | Reached skill level 7 in Polearms
  3313 | D:5      | Reached skill level 1 in Stealth
  3398 | D:5      | Reached skill level 8 in Polearms
  3748 | D:5      | Identified the +7 dagger of the Wizarding Wasp {vorpal,
                  | rC+}
  3842 | D:5      | Reached XP level 9. HP: 79/79 MP: 8/8
  4295 | D:6      | Was placed under penance by Trog
  4298 | D:6      | Learned a level 2 spell: Wereblood
  4301 | D:6      | Learned a level 2 spell: Sublimation of Blood
  4304 | D:6      | Learned a level 2 spell: Corpse Rot
  4306 | D:6      | Learned a level 1 spell: Summon Small Mammal
  4549 | D:6      | Paralysed by Trog for 7 turns
  4614 | D:6      | Reached skill level 9 in Polearms
  5606 | D:7      | Found a sand-covered staircase.
  5781 | D:7      | Reached skill level 10 in Polearms
  6002 | D:7      | Found a runed translucent door.
  6003 | D:7      | Noticed Crazy Yiuf
  6011 | D:7      | Killed Crazy Yiuf
  6090 | Ossuary  | Entered an ossuary
  6313 | D:7      | Noticed a polar bear
  6313 | D:7      | Noticed a polar bear
  6320 | D:7      | Slain by a polar bear

Illustrated notes

Levels and vault maps discovered:
D:1:      dpeg_arrival_pond, layout_rooms
D:2:      layout_basic, lemuel_old_faithful, uniq_terence
D:3:      layout_loops_ring, uniq_natasha
D:4:      layout_loops_corners, minmay_temple_entry_from_below_a, uniq_pikel
D:5:      layout_loops_cross, gammafunk_ghost_necromancy,
          kennysheep_opposing_triangles
D:6:      layout_basic
D:7:      layout_cave_pools, chequers_ossuary_entry_cave, water_maze_lemuel,
          uniq_crazy_yiuf_cottage

Skill      XL: |  1  2  3  4  5  6  7  8  9 |
---------------+----------------------------+-----
Fighting       | 4 5 7 8 |  8.5
Long Blades    | 4 5 |  5.2
Armour         | 3 4 5 7 8 |  8.2
Polearms       | 1 2 5 6 8 10 | 10.3
Dodging        | 3 4 |  4.6
Stealth        | 1 |  1.5
Slings         | |  0.3

Action                   |  1- 3 |  4- 6 |  7- 9 || total
-------------------------+-------+-------+-------++-------
Melee: Falchion          |    34 |       |       ||    34
       Headbutt          |     8 |    10 |    50 ||    68
       Trident           |     8 |    65 |   185 ||   258
 Fire: Hunting sling     |       |       |     5 ||     5
Throw: Stone             |       |       |    17 ||    17
 Cast: Summon Small Mamm |       |       |     2 ||     2
Invok: Berserk           |       |     4 |     1 ||     5
       Trog's Hand       |       |     1 |       ||     1
  Use: Potion            |     2 |     1 |     3 ||     6
       Scroll            |     1 |       |    12 ||    13
Armor: Leather armour    |     7 |       |       ||     7
       Ring mail         |    10 |    12 |    24 ||    46
       Scale mail        |       |       |     4 ||     4
       Plate armour      |       |       |    49 ||    49
       Chain mail        |       |       |    24 ||    24
Dodge: Dodged            |    50 |    21 |   110 ||   181
Block: Buckler           |       |       |     3 ||     3

Table legend: (Time is in decaauts)
 A = Elapsed time spent in this place.
 B = Non-inter-level travel time spent in this place.
 C = Inter-level travel time spent in this place.
 D = Time resting spent in this place.
 E = Time spent auto-exploring this place.
 F = Levels seen in this place.
 G = Mean time per level.
                   A        B        C        D        E       F      G
               +--------+--------+--------+--------+--------+-----+--------+
         Total |   6351 |   6350 |      1 |      0 |   2267 |   8 |  793.9 |
       Dungeon |   6209 |   6208 |      1 |      0 |   2267 |   7 |  887.0 |
       Ossuary |    141 |    141 |      0 |      0 |      0 |   1 |  141.0 |
               +--------+--------+--------+--------+--------+-----+--------+

Top non-repeatable levels by time:
     D:4: 1645 daAuts
     D:6: 1202 daAuts
     D:5: 1095 daAuts
     D:2: 940 daAuts
     D:7: 703 daAuts
     D:1: 581 daAuts
 Ossuary: 141 daAuts
     D:3: 41 daAuts
